 Dungeon Crawl Stone Soup version 0.22.0-27-ga576289 (webtiles) character file.

82 KLATTERAL the Grasshopper (level 4, -3/34 HPs)
             Began as a Demonspawn Warper on Aug 21, 2018.
             Killed by divine providence
             ... invoked by an orc priest
              (10 damage)
             ... on level 3 of the Dungeon.
             The game lasted 00:20:05 (2650 turns).

KLATTERAL the Grasshopper (Demonspawn Warper)       Turns: 2650, Time: 00:20:06

Health: -3/34      AC:  4    Str: 10 (11) XL:     4   Next: 21%
Magic:  7/7        EV: 16    Int: 14 (15) God:
Gold:   77         SH:  0    Dex: 12 (13) Spells: 5/7 levels left

rFire    . . .     SeeInvis .   i - +0 hand axe (flame)
rCold    . . .     Gourm    .   (no shield)
rNeg     . . .     Faith    .   b - +0 leather armour
rPois    .         Spirit   .   p - +0 helmet (curse)
rElec    .         Reflect  .   k - scarf {cloud immunity}
rCorr    .         Harm     .   (no gloves)
MR       .....                  (no boots)
Stlth    +.........             (no amulet)
HPRegen  0.11/turn              m - +2 ring of evasion
MPRegen  0.10/turn              o - +2 ring of evasion

@: no status effects
A: talons 1
a: no special abilities


You were on level 3 of the Dungeon.
You were not hungry.

You visited 1 branch of the dungeon, and saw 3 of its levels.
You also visited: Sewer.

You collected 77 gold pieces.

Inventory:

Hand Weapons
 i - a +0 hand axe of flaming (weapon)
Missiles
 e - 2 tomahawks of dispersal (quivered)
 q - 4 tomahawks
Armour
 b - a +0 leather armour (worn)
 k - a scarf of cloud immunity (worn)
 n - a +0 plate armour
 p - a cursed +0 helmet (worn)
Jewellery
 l - an uncursed ring of poison resistance {unknown}
 m - a +2 ring of evasion (left hand)
 o - a +2 ring of evasion (right hand)
Scrolls
 c - 3 scrolls of identify
 g - a scroll of fog
 h - a scroll of random uselessness
 j - a scroll of amnesia {unknown}
Potions
 s - 2 potions of brilliance
Comestibles
 d - 3 chunks of flesh
 f - 5 rations


   Skills:
 + Level 2.5 Fighting
 + Level 1.4(2.0) Axes
   Level 2.0(2.2) Polearms
 - Level 0.8 Throwing
 + Level 1.2 Armour
 * Level 2.4 Dodging
 + Level 0.1 Stealth
 + Level 2.4 Spellcasting
 + Level 2.9 Translocations


You had 5 spell levels left.
You knew the following spells:

 Your Spells              Type           Power        Failure   Level  Hunger
a - Blink                 Tloc           N/A          13%         2    ###....

Your spell library contained the following spells:

 Spells                   Type           Power        Failure   Level  Hunger
 Shroud of Golubria       Chrm/Tloc      #.........   24%         2    ###....
 Gell's Gravitas          Tloc           ##........   26%         3    ###....
 Lesser Beckoning         Tloc           ##........   26%         3    ###....
 Teleport Other           Tloc           ##......     26%         3    ###....
 Passage of Golubria      Tloc           N/A          65%         4    #####..


Dungeon Overview and Level Annotations

Branches:
Dungeon (3/15)

Altars:

Annotations:
D:3 Purgy


Innate Abilities, Weirdness & Mutations

You have sharp toenails.


Message History

The adder hisses angrily.
Purgy shouts!
You hear a shout!
An orc priest comes into view. It is wielding a hand axe.
A frilled lizard comes into view.
Casting: Blink (safe; 13% risk of failure)
Confirm with . or Enter, or press ? or * to list all spells.
You blink.
The frilled lizard hisses angrily.
The orc priest shouts!
Purgy pleads, "Don't hit me!"
The frilled lizard closely misses you. The frilled lizard misses you.
Purgy bites you but does no damage. Purgy barely misses you.
Purgy closely misses you.
Purgy snarls, "My home!
Leave!"
Purgy barely misses you. Purgy completely misses you. Purgy closely misses you.
The orc priest shouts!
Purgy bites you but does no damage. Purgy barely misses you. Purgy claws you.
* * * LOW HITPOINT WARNING * * *
The orc priest mumbles some strange prayers to Beogh against you.
Beogh smites you!
You die...

#.# #.# ##.##
#..
###...#####
##.
#...#.......
##.
#......#####
#.. #
##......# #.#
#.......##
#.#
###......####
#.#
#....@....#
#.# ##
####.T.##.#
#.#
.###########
##S###.# #.#
............
#.# #o# #T#
.###.#######
#l# #l# #.#
## #.# #o#
#.# ######o#
# #.# #.###.#
#......[
###.# #.o.l.#
#.######
##...###
####..# #.#


You could see Purgy, 2 orc priests, an adder and a frilled lizard.

Vanquished Creatures
  A river rat (D:3)
  2 oozes (D:1)
  A worm (D:2)
  2 dart slugs
  11 orcs (D:3)
  2 ball pythons (D:3)
  A giant cockroach (D:1)
  2 goblins (D:1)
  5 hobgoblins
  4 kobolds
  9 bats
  7 rats
47 creatures vanquished.

Notes
Turn   | Place    | Note
-------+----------+-------------------------------------------
     0 | D:1      | KLATTERAL the Demonspawn Warper began the quest for the Orb.
     0 | D:1      | Reached XP level 1. HP: 16/16 MP: 3/3
   100 | D:1      | Gained mutation: You have sharp toenails. [demonic ancestry]
   100 | D:1      | Reached XP level 2. HP: 9/22 MP: 5/5
   130 | D:1      | Learned a level 2 spell: Blink
   320 | D:1      | Reached skill level 1 in Armour
   819 | D:1      | Reached XP level 3. HP: 26/27 MP: 6/6
   887 | D:1      | You fall through a shaft!
  1872 | D:3      | Found a glowing drain.
  1877 | D:3      | Reached skill level 1 in Axes
  1893 | Sewer    | Entered a sewer
  1907 | Sewer    | Noticed Purgy
  2452 | D:3      | Reached XP level 4. HP: 34/34 MP: 7/7
  2650 | D:3      | Killed from afar by an orc priest

Skill      XL: |  1  2  3 |
---------------+----------+-----
Dodging        | 2 |  2.4
Armour         | 1 |  1.2
Polearms       | 2 |  2.0
Axes           | 1 |  1.4
Fighting       | |  2.5
Throwing       | |  0.8
Stealth        | |  0.1
Spellcasting   | |  2.4
Translocations | |  2.9

Action                   |  1- 3 |  4- 6 || total
-------------------------+-------+-------++-------
Melee: Spear             |    25 |       ||    25
       Hand axe          |   103 |    24 ||   127
       Kick              |    20 |     8 ||    28
Throw: Tomahawk          |     3 |       ||     3
 Cast: Blink             |     8 |     1 ||     9
  Use: Scroll            |     4 |     2 ||     6
       Potion            |     5 |       ||     5
 Stab: Sleeping          |     1 |       ||     1
  Eat: Chunk             |     3 |       ||     3
       Ration            |     1 |       ||     1
Armor: Leather armour    |    34 |     5 ||    39
       Plate armour      |    25 |       ||    25
Dodge: Dodged            |   139 |    26 ||   165
